 Dungeon Crawl Stone Soup version 0.31.0-12-g77e489cdc1 (webtiles) character file.

Game seed: 3631368891124592892

144 Silvore the Trooper (level 5, -4/41 HPs)
             Began as a Demonspawn Fighter on Feb 12, 2024.
             Slain by Grinder (5 damage)
             ... on level 4 of the Dungeon.
             The game lasted 00:02:49 (2492 turns).

Silvore the Trooper (Demonspawn Fighter)            Turns: 2492, Time: 00:02:50

Health: -4/41      AC:  6    Str: 18    XL:     5   Next: 5%
Magic:  5/5        EV:  9    Int:  8    God:
Gold:   135        SH: 11    Dex: 13    Spells: 4/4 levels left

rFire   . . .        a - +0 long sword (spect)
rCold   . . .        c - +1 buckler
rNeg    . . .        b - +0 scale mail
rPois   .            (no helmet)
rElec   .            (no cloak)
rCorr   .            (no gloves)
SInv    .            (no boots)
Will    .....        e - amulet of reflection Stlth
                     (no ring)
HPRegen 0.26/turn    (no ring)
MPRegen 0.09/turn

%: reflection
@: no status effects
A: foul stench 1, powered by death 2
a: no special abilities


You were on level 4 of the Dungeon.
You visited 1 branch of the dungeon, and saw 4 of its levels.

You collected 135 gold pieces.

Inventory:

Hand Weapons
 a - a +0 spectral long sword (weapon)
Missiles
 l - 2 throwing nets (quivered)
Armour
 b - a +0 scale mail (worn)
 c - a +1 buckler (worn)
Jewellery
 e - an amulet of reflection (around neck)
 j - an amulet of magic regeneration
Scrolls
 f - 4 scrolls of teleportation
 i - 2 scrolls of identify
Potions
 d - a potion of might
 h - a potion of curing


   Skills:
 + Level 3.4 Fighting
 + Level 3.2 Long Blades
 + Level 3.4 Armour
 + Level 0.3 Dodging
 + Level 3.4 Shields


You had 4 spell levels left.
You didn't know any spells.
Your spell library contained the following spells:

 Spells                   Type           Power      Damage    Failure   Level
 Call Imp                 Summ           0%         N/A       95%         2
 Sublimation of Blood     Necr           0%         N/A       95%         2
 Dazzling Flash           Conj/Hex       0%         N/A       99%         3
 Ozocubu's Armour         Ice            0%         N/A       99%         3
 Volatile Blastmotes      Fire/Tloc      0%         2d10      99%         3
 Metabolic Englaciation   Hex/Ice        0%         N/A       100%        5
 Sculpt Simulacrum        Ice/Alch       0%         N/A       100%        6
 Starburst                Conj/Fire      0%         6d3       100%        6
 Summon Hydra             Summ           0%         N/A       100%        7
 Maxwell's Capacitive Co  Air            0%         ∞         100%        8


Dungeon Overview and Level Annotations

Branches:
Dungeon (4/15)
 Temple: D:4-7

Altars:

Annotations:
D:4 Grinder


Innate Abilities, Weirdness & Mutations

You may rarely emit foul miasma when damaged in melee.
You regenerate health from kills.


Message History

The iguana is heavily wounded.
The iguana bites you!
* * * LOW HITPOINT WARNING * * *
You emit a cloud of foul miasma!
You barely miss the iguana.
The iguana is heavily wounded.
The iguana is engulfed in dark miasma.
The iguana is poisoned.
The iguana closely misses you.
You hit the iguana.
The iguana is almost dead.
The iguana is engulfed in dark miasma.
The iguana looks even sicker.
You kill the iguana!
You have reached level 5!
An orc comes into view. It is wielding a +0 whip.
An orc is nearby!
The orc shouts!
You hear a shout!
Grinder comes into view.
Grinder shouts!
You hear a shout!
Grinder gestures at you. You resist with significant effort.
You closely miss the orc.
Your +0 spectral long sword barely misses the orc.
You block the orc's attack.
An orc comes into view. It is wielding a +0 hand axe.
You slash the orc!
You kill the orc!
Your +0 spectral long sword disappears.
Grinder gestures at you. Pain shoots through your body!
An orc comes into view. It is wielding a +0 dagger.
Grinder gestures at you. Pain shoots through your body!
* * * LOW HITPOINT WARNING * * *
There is a stone staircase leading up here.
The orc shouts!
Grinder hits you.
* * * LOW HITPOINT WARNING * * *
You writhe in agony.
You die...
Grinder says, "Hey, I wasn't done torturing you yet!"

#####
..######...
#..o.....#
#...o.)..##
..###..:.5#####
##.#..@...#
#..#.###.#
##.#.. #.###.
.. .# .. # ...


You could see Grinder and 2 orcs.

Vanquished Creatures
  An iguana (D:4)
  4 gnolls (D:3)
  An adder (D:2)
  2 ribbon worms (D:2)
  2 dart slugs
  An orc (D:4)
  4 ball pythons (D:1)
  2 bats
  7 endoplasms
  2 giant cockroaches
  9 hobgoblins
  5 jackals
  A kobold (D:1)
  A quokka (D:3)
  3 frilled lizards (D:1)
  4 goblins
  6 rats
55 creatures vanquished.

Notes
Turn   | Place    | Note
-------+----------+-------------------------------------------
     0 | D:1      | Silvore the Demonspawn Fighter began the quest for the Orb.
     0 | D:1      | Reached XP level 1. HP: 18/18 MP: 1/1
    78 | D:1      | Gained mutation: You regenerate a little health from kills.
                  | [demonic ancestry]
    78 | D:1      | Reached XP level 2. HP: 24/24 MP: 2/2
   481 | D:1      | Gained mutation: You may rarely emit foul miasma when
                  | damaged in melee. [demonic ancestry]
   481 | D:1      | Reached XP level 3. HP: 29/29 MP: 3/3
  1168 | D:2      | Found a faded altar of an unknown god.
  1824 | D:3      | Gained mutation: You regenerate health from kills. [demonic
                  | ancestry]
  1824 | D:3      | Reached XP level 4. HP: 35/35 MP: 4/4
  2449 | D:4      | Reached XP level 5. HP: 11/41 MP: 5/5
  2485 | D:4      | Noticed Grinder
  2492 | D:4      | HP: 1/41 [Grinder (5)]
  2492 | D:4      | Slain by Grinder

Illustrated notes

Levels and vault maps discovered:
D:1:      lemuel_arrival_room, layout_basic, nicolae_figureground_pulse
D:2:      layout_loops_ring, hellmonk_ecumenical_altar_inner_sanctum, hex_medium
D:3:      wander_river, layout_basic
D:4:      kennysheep_kobold_camp, layout_rooms, overflow_temple_1_default,
          amcnicky_altar_gilded, uniq_sigmund, uniq_natasha, uniq_duvessa,
          uniq_grinder

Skill      XL: |  1  2  3  4 |
---------------+-------------+-----
Long Blades    | 2 3 |  3.2
Shields        | 3 |  3.4
Armour         | 3 |  3.4
Fighting       | |  3.4
Dodging        | |  0.3

Action                     |  1- 3 |  4- 6 || total
---------------------------+-------+-------++-------
  Melee: Long sword        |   110 |    39 ||   149
    Use: Scroll            |     5 |     2 ||     7
 Armour: Scale mail        |    51 |    25 ||    76
  Dodge: Dodged            |    42 |    22 ||    64
  Block: Buckler           |    65 |    19 ||    84
         Reflection        |     3 |       ||     3
